 Dungeon Crawl Stone Soup version 0.30-a0-629-gd54f4be (webtiles) character file.

Game seed: 13181035320186817262

440 malesh the Vexing (level 7, 0/51 HPs)
             Began as a Formicid Hexslinger on Jan 12, 2023.
             Splashed by a jelly's acid (7 damage)
             ... in a sewer.
             The game lasted 00:12:30 (2136 turns).

malesh the Vexing (Formicid Hexslinger)             Turns: 2136, Time: 00:12:30

Health: 0/51       AC:  0    Str: 15    XL:     7   Next: 22%
Magic:  9/10       EV: 12    Int: 14    God:
Gold:   57         SH:  0    Dex: 14    Spells: 4/11 levels left

rFire   . . .      SeeInvis +    a - +2 sling
rCold   . . .      Faith    .    (no shield)
rNeg    . . .      Spirit   .    c - +0 robe
rPois   .          Reflect  .    (helmet unavailable)
rElec   .          Harm     .    (no cloak)
rCorr   .          Rampage  .    k - +1 pair of gloves
Will    .....                    (no boots)
Stlth   +                        (no amulet)
HPRegen 0.28/turn                (no ring)
MPRegen 0.12/turn                (no ring)

@: corroded
A: permanent stasis, dig shafts and tunnels, antennae 3, four strong arms
a: Dig


You were in a sewer.
You visited 1 branch of the dungeon, and saw 3 of its levels.
You also visited: Sewer.

You collected 57 gold pieces.

Inventory:

Hand Weapons
 a - a +2 sling (weapon)
Armour
 c - a +0 robe (worn)
 k - a +1 pair of gloves (worn)
Wands
 e - a wand of roots (7)
Scrolls
 j - a scroll of teleportation
 l - a scroll of blinking
 m - a scroll of amnesia
 n - a scroll of vulnerability
 q - a scroll of identify
Potions
 b - 2 potions of heal wounds {unknown}
 d - 3 potions of curing {unknown}
 f - 3 potions of flight {unknown}
 g - a potion of magic {unknown}
 h - a potion of brilliance {unknown}
 i - a potion of mutation {unknown}
 o - 2 potions of lignification
 p - 2 potions of haste {unknown}
 r - a potion of cancellation {unknown}
 s - 2 potions of attraction {unknown}


   Skills:
 + Level 2.4 Fighting
 + Level 5.1 Ranged Weapons
 + Level 2.4 Dodging
 - Level 0.2 Stealth
 + Level 2.5 Spellcasting
 + Level 5.4 Hexes


You had 4 spell levels left.
You knew the following spells:

 Your Spells              Type           Power      Damage    Failure   Level
a - Slow                  Hex            68%        N/A       2%          1
b - Tukima's Dance        Hex            17%        N/A       7%          3
c - Inner Flame           Hex/Fire       9%         N/A       22%         3

Your spell library contained the following spells:

 Spells                   Type           Power      Damage    Failure   Level
 Dazzling Flash           Conj/Hex       18%        N/A       22%         3
 Portal Projectile        Hex/Tloc       18%        N/A       22%         3
 Cause Fear               Hex            8%         N/A       24%         4
 Sublimation of Blood     Necr           1%         N/A       34%         2
 Iskenderun's Mystic Bla  Conj/Tloc      1%         2d3       92%         4
 Passage of Golubria      Tloc           1%         N/A       92%         4
 Petrify                  Tmut/Erth      1%         N/A       92%         4
 Yara's Violent Unravell  Hex/Tmut       4%         3d4       90%         5
 Irradiate                Conj/Tmut      0%         3d11      99%         5
 Starburst                Conj/Fire      0%         6d3       100%        6


Dungeon Overview and Level Annotations

Branches:
Dungeon (3/15)              Sewer (1/1)

Altars:


Innate Abilities, Weirdness & Mutations

You cannot be hasted, slowed, berserked, paralysed or teleported.
You can dig through walls and to a lower floor.
You have a pair of large antennae on your head. (SInv)
Your four strong arms can wield two-handed weapons with a shield.


Message History

The rat twitches its whiskers.
The rat bites you. The jelly hits you. The acid corrodes you!
You are splashed with acid!
Fire: a) +2 sling
Press: ? - help, Shift-Dir - straight line, f/p - jelly
Aim: a jelly (moderately wounded, slow, 90% to hit)
You shoot a sling bullet.
The sling bullet completely misses the jelly.
The rat bites you.
Fire: a) +2 sling
Press: ? - help, Shift-Dir - straight line, f/p - jelly
Aim: a jelly (moderately wounded, slow, 90% to hit)
You shoot a sling bullet. The sling bullet hits the jelly.
The jelly is heavily wounded.
The rat closely misses you. The jelly hits you.
You are splashed with acid!
The rat closely misses you.
Fire: a) +2 sling
Press: ? - help, Shift-Dir - straight line, f/p - jelly
Aim: a jelly (heavily wounded, slow, 90% to hit)
You shoot a sling bullet.
The sling bullet hits the jelly but does no damage.
The jelly is heavily wounded.
The jelly hits you.
* * * LOW HITPOINT WARNING * * *
You are splashed with acid!
* * * LOW HITPOINT WARNING * * *
The rat closely misses you.
Okay, then.
Unknown command.
Aiming: Fastroot
Press: ? - help, Shift-Dir - straight line, f/p - jelly
Aim: a jelly (heavily wounded, slow)
The roots erupt in riotous growth!
The jelly is unaffected.
Roots grab the rat.
The grasping roots constrict the rat.
You kill the rat!
The jelly hits you.
* * * LOW HITPOINT WARNING * * *
You are splashed with acid!
You die...

##~~..~~.#~~~##~~~##..#
##...~~~.~~##...###~..
###~....~~##.~## #...
###..~..~#### ####
##~.~~†~~~##
##~~.###~..~#
#..~##!##.~.##
#.~##...##†~~###
#..@~.~~.#~.~.~#####
##~~J~#!.##.~...~...
##~~## ####...... ####
#######


You could see a jelly (slow).

Vanquished Creatures
  Grinder (D:3)
  2 jellies (Sewer)
  Terence (D:2)
  10 adders
  A river rat (Sewer)
  6 ball pythons
  10 endoplasms
  7 giant cockroaches
  2 goblins
  2 hobgoblins
  2 quokkas
  2 bats (D:2)
  4 frilled lizards
  6 kobolds
  4 rats
60 creatures vanquished.

Notes
Turn   | Place    | Note
-------+----------+-------------------------------------------
     0 | D:1      | malesh the Formicid Hexslinger began the quest for the Orb.
     0 | D:1      | Reached XP level 1. HP: 15/15 MP: 2/2
   176 | D:1      | Reached XP level 2. HP: 21/21 MP: 3/3
   616 | D:2      | Noticed Terence
   674 | D:2      | Killed Terence
   675 | D:2      | Reached XP level 3. HP: 26/26 MP: 2/4
   834 | D:2      | Learned a level 3 spell: Tukima's Dance
   915 | D:2      | Reached XP level 4. HP: 23/32 MP: 3/6
  1619 | D:3      | Noticed Grinder
  1640 | D:3      | Killed Grinder
  1641 | D:3      | Reached skill level 5 in Hexes
  1641 | D:3      | Reached XP level 5. HP: 15/38 MP: 6/8
  1641 | D:3      | Reached XP level 6. HP: 18/44 MP: 6/9
  1755 | D:3      | Found a glowing drain.
  1793 | D:3      | Learned a level 3 spell: Inner Flame
  1870 | Sewer    | Entered a sewer
  2004 | Sewer    | Reached XP level 7. HP: 46/50 MP: 6/10
  2061 | Sewer    | Found a viscous altar of Jiyva.
  2099 | Sewer    | Reached skill level 5 in Ranged Weapons
  2136 | Sewer    | Splashed by a jelly's acid

Illustrated notes

Levels and vault maps discovered:
D:1:      zaba_arrival_water, layout_rooms, minmay_surrounded
D:2:      layout_loops_cross, minmay_ruptured, uniq_terence
D:3:      layout_rooms, gup_sewer_entry_glass, corner_web_ring,
          minmay_goblin_outpost, uniq_grinder
Sewer:    sewer_hellmonk_slimy_pipes

Skill      XL: |  1  2  3  4  5  6  7 |
---------------+----------------------+-----
Hexes          | 4 5 |  5.4
Ranged Weapons | 3 4 5 |  5.1
Dodging        | 2 |  2.4
Fighting       | 2 |  2.4
Spellcasting   | 2 |  2.5
Stealth        | |  0.2

Action                   |  1- 3 |  4- 6 |  7- 9 || total
-------------------------+-------+-------+-------++-------
 Fire: Sling             |    69 |   117 |    27 ||   213
 Cast: Slow              |    15 |    26 |     5 ||    46
Evoke: Wand              |       |       |     1 ||     1
  Use: Scroll            |     1 |    12 |       ||    13
Armor: Robe              |     1 |    18 |     5 ||    24
Dodge: Dodged            |    15 |    57 |     7 ||    79

Table legend: (Time is in decaauts)
 A = Elapsed time spent in this place.
 B = Non-inter-level travel time spent in this place.
 C = Inter-level travel time spent in this place.
 D = Time resting spent in this place.
 E = Time spent auto-exploring this place.
 F = Levels seen in this place.
 G = Mean time per level.
                   A        B        C        D        E       F      G
               +--------+--------+--------+--------+--------+-----+--------+
         Total |   2203 |   2063 |    140 |    281 |   1161 |   4 |  550.8 |
       Dungeon |   1913 |   1773 |    140 |    254 |   1083 |   3 |  637.7 |
         Sewer |    290 |    290 |      0 |     27 |     78 |   1 |  290.0 |
               +--------+--------+--------+--------+--------+-----+--------+

Top non-repeatable levels by time:
     D:2: 1070 daAuts
     D:1: 495 daAuts
     D:3: 347 daAuts
   Sewer: 290 daAuts
